 Dungeon Crawl Stone Soup version 0.21-a0-2-ge494091 (webtiles) character file.

3107 mopl the Covert (level 9, 0/71 HPs)
             Began as a Naga Assassin on May 22, 2017.
             Was an Initiate of Hepliaklqana.
             Slain by a hound (6 damage)
             ... on level 4 of the Dungeon.
             The game lasted 00:14:04 (6496 turns).

mopl the Covert (Naga Assassin)                     Turns: 6496, Time: 00:14:04

Health: 0/71       AC:  7    Str: 15    XL:     9   Next: 90%
Magic:  10/10      EV:  9    Int: 11    God:    Hepliaklqana [......]
Gold:   222        SH:  0    Dex: 15    Spells: 6/8 levels left

rFire    . . .     SeeInvis +   a - +2 dagger (venom)
rCold    . . .     Gourm    .   (no shield)
rNeg     . . .     Faith    +   c - +0 robe
rPois    +         Spirit   .   S - +0 helmet
rElec    .         Reflect  .   d - +0 cloak
rCorr    .         Harm     .   I - +0 pair of gloves
MR       +....                  (no barding)
Stlth    ++++++....             D - amulet of faith {!P}
Regen    0.3/turn               (no ring)
MPRegen  0.2/turn               (no ring)

@: barbed spikes, very slow
A: reduced essence, see invisible, deformed body, poison resistance, slowness 2,
slow metabolism 1, spit poison 1, AC +3
a: Spit Poison, Recall Ancestor, Ancestor Identity, Renounce Religion


You were on level 4 of the Dungeon.
You worshipped Hepliaklqana.
Hepliaklqana was noncommittal.
You were not hungry.

You visited 2 branches of the dungeon, and saw 8 of its levels.

You collected 222 gold pieces.

Inventory:

Hand Weapons
 a - a +2 dagger of venom (weapon)
 b - a +0 blowgun
 v - a +0 short sword of flaming
 A - a +2 dagger of draining
 O - a +0 long sword of flaming
Missiles
 e - 43 poisoned needles
 f - 7 curare-tipped needles
 i - 11 tomahawks (quivered)
 t - 2 throwing nets
 E - 5 steel javelins
Armour
 c - a +0 robe (worn)
 d - a +0 cloak (worn)
 C - a +3 leather armour
 I - a +0 pair of gloves (worn)
 P - a +0 shield
 S - a +0 helmet (worn)
Magical Staves
 K - an uncursed staff of death
Jewellery
 D - an amulet of faith (around neck) {!P}
Wands
 B - a wand of paralysis (0/24)
 L - a wand of confusion (25/48)
 M - a wand of polymorph (8/24)
 N - a wand of confusion (25/48)
 Q - a wand of digging (11/24)
Scrolls
 j - 6 scrolls of remove curse {unknown}
 k - 2 scrolls of noise {unknown}
 o - a scroll of immolation {unknown}
 p - 2 scrolls of enchant weapon {unknown}
 s - 2 scrolls of enchant armour {unknown}
 x - 4 scrolls of teleportation
 y - 2 scrolls of amnesia {unknown}
 F - 2 scrolls of blinking {unknown}
 G - 3 scrolls of recharging {unknown}
 J - 2 scrolls of magic mapping {unknown}
Potions
 n - a potion of magic
 r - a potion of haste
 u - 3 potions of flight
 w - a potion of agility
 z - 3 potions of brilliance
Comestibles
 g - 7 bread rations
 l - 5 meat rations
 m - 5 royal jellies
 q - 7 fruits


   Skills:
 + Level 4.6 Fighting
 + Level 6.1 Short Blades
 + Level 4.9 Throwing
 - Level 0.7 Dodging
 * Level 13.7 Stealth
 + Level 4.5 Translocations
 + Level 2.3 Invocations
 - Level 1.2 Evocations


You had 6 spell levels left.
You knew the following spells:

 Your Spells              Type           Power        Failure   Level  Hunger
e - Blink                 Tloc           N/A          9%          2    ###....


Dungeon Overview and Level Annotations

Branches:
Dungeon (7/15)             Temple (1/1) D:7

Altars:
Ashenzari
Cheibriados
Dithmenos
Elyvilon
Gozag
Hepliaklqana
Makhleb
Nemelex Xobeh
Okawaru
Ru
Trog
Vehumet
Xom
Yredelemnul
The Shining One

Annotations:
D:4 Ijustatesigmund's ghost, amateur OpCj


Innate Abilities, Weirdness & Mutations

You cannot wear boots.
Your serpentine skin is tough. (AC +3)
You have supernaturally acute eyesight. (SInv)
Armour fits poorly on your strangely shaped body.
Your system is resistant to poisons. (rPois)
You cover ground very slowly.
You have a slow metabolism.
You can spit poison.
Your life essence is reduced. (-10% HP)


Message History

You enter the transporter and appear at another place.
The hound bites you.
* * * LOW HITPOINT WARNING * * *
Unknown command.
You barely miss the hound. The hound bites you.
* * * LOW HITPOINT WARNING * * *
You hit the hound.
The hound is poisoned.
The hound is lightly wounded.
The hound bites you but does no damage.
You barely miss the hound.
The hound is moderately wounded.
The hound closely misses you. The hound bites you.
* * * LOW HITPOINT WARNING * * *
Unknown command.
You feel better. The hound bites you.
* * * LOW HITPOINT WARNING * * *
You hit the hound.
The hound is heavily wounded.
The hound bites you.
You die...

#....####'#.............#.
#..>.#..................#.
#....'..................#.
#....#.....#########....#.
#....#....##...©...##...#.
#....#....#8$##.##.8#...#.
#....#....#.)##.##..#...'.
#....#....#H|.......#...#.
#######...@#H$.......#©..#.
#....)..#h.#_)...O...#..##.
#....)..#..#[[##.##..#..#..
#....)).'..#8$##.##.8#..#..
#.......#..##.......##..#..
#.......#...#########...# .
#.......#...............#
#.......#########..##...#
######......... #..##...#


You could see a manticore, a hippogriff, an ogre and a hound.

Vanquished Creatures
  Pikel (D:6)
  A slime creature (D:7)
  Sigmund (D:6)
  Edmund (D:6)
  2 slaves (D:6)
  An ice beast (D:6)
  2 ogres
  A centaur (D:7)
  2 bullfrogs
  A wyvern skeleton (D:6)
  A water moccasin skeleton (D:4)
  A howler monkey (D:5)
  2 crimson imps (D:6)
  5 hounds
  A quasit (D:7)
  A bullfrog zombie (D:7)
  2 jellies
  A centaur skeleton (D:6)
  3 iguanas
  Ijyb (D:3)
  An orc wizard (D:3)
  Natasha (thrice) (D:2)
  5 worker ants
  A hound zombie (D:7)
  3 hound skeletons
  A worker ant zombie (D:5)
  6 adders
  A shadow imp (D:7)
  3 oozes
  2 worms
  2 dart slugs
  3 leopard geckos
  13 orcs
  A ball python (D:5)
  10 bats
  9 giant cockroaches
  7 goblins
  9 hobgoblins
  18 jackals
  A quokka (D:2)
  4 frilled lizards
  A jackal zombie (D:6)
  8 kobolds
  A quokka zombie (D:5)
  6 rats
150 creatures vanquished.

Vanquished Creatures (collateral kills)
  An ogre mage (D:7)
  2 orcs (D:4)
3 creatures vanquished.

Vanquished Creatures (others)
  2 ancestors
2 creatures vanquished.

Grand Total: 155 creatures vanquished

Notes
Turn   | Place    | Note
-------+----------+-------------------------------------------
     0 | D:1      | mopl the Naga Assassin began the quest for the Orb.
     0 | D:1      | Reached XP level 1. HP: 19/19 MP: 1/1
    51 | D:1      | Reached skill level 6 in Stealth
   204 | D:1      | Reached XP level 2. HP: 11/26 MP: 2/2
   830 | D:1      | Reached XP level 3. HP: 22/32 MP: 3/3
   925 | D:1      | Reached skill level 7 in Stealth
  1520 | D:2      | Reached skill level 3 in Short Blades
  1604 | D:2      | Reached XP level 4. HP: 38/39 MP: 4/4
  1675 | D:2      | Noticed Natasha
  1682 | D:2      | Killed Natasha
  1745 | D:2      | Found a shadowy altar of Dithmenos.
  1789 | D:2      | Noticed Natasha
  1810 | D:2      | Killed Natasha
  1810 | D:2      | Reached skill level 8 in Stealth
  1824 | D:2      | Reached XP level 5. HP: 31/45 MP: 5/5
  2106 | D:2      | Noticed Natasha
  2114 | D:2      | Killed Natasha
  2183 | D:3      | Noticed Ijyb
  2185 | D:3      | Found a white marble altar of Elyvilon.
  2185 | D:3      | Paralysed by Ijyb for 7 turns
  2201 | D:3      | Killed Ijyb
  2219 | D:3      | Reached skill level 9 in Stealth
  2495 | D:3      | Reached XP level 6. HP: 52/52 MP: 6/6
  2772 | D:3      | You fall through a shaft!
  2826 | D:4      | Found a basalt altar of Yredelemnul.
  2834 | D:4      | Noticed a hippogriff
  2841 | D:4      | Noticed a manticore
  2844 | D:4      | Found a sacrificial altar of Ru.
  2845 | D:4      | Found a sparkling altar of Nemelex Xobeh.
  2897 | D:4      | Noticed Ijustatesigmund's ghost (amateur OpCj)
  2919 | D:5      | Entered Level 5 of the Dungeon
  2960 | D:4      | Reached skill level 2 in Throwing
  3221 | D:4      | Reached skill level 4 in Short Blades
  3221 | D:4      | Reached skill level 10 in Stealth
  3235 | D:4      | Learned a level 2 spell: Blink
  3512 | D:4      | Reached XP level 7. HP: 44/60 MP: 7/7
  3944 | D:5      | Reached skill level 1 in Translocations
  4024 | D:5      | Reached skill level 1 in Evocations
  4744 | D:6      | Reached skill level 11 in Stealth
  4763 | D:6      | Reached skill level 3 in Throwing
  4763 | D:6      | Reached skill level 2 in Translocations
  4793 | D:6      | Reached XP level 8. HP: 43/68 MP: 8/8
  4996 | D:6      | Noticed Edmund
  4999 | D:6      | Killed Edmund
  5020 | D:6      | Noticed Sigmund
  5023 | D:6      | Killed Sigmund
  5023 | D:6      | Reached skill level 3 in Fighting
  5079 | D:6      | Reached skill level 5 in Short Blades
  5143 | D:6      | Reached skill level 12 in Stealth
  5143 | D:6      | Reached skill level 3 in Translocations
  5196 | D:6      | Noticed Pikel
  5231 | D:6      | Killed Pikel
  5231 | D:6      | Reached skill level 4 in Fighting
  5231 | D:6      | Reached skill level 4 in Throwing
  5231 | D:6      | Reached XP level 9. HP: 43/78 MP: 9/9
  5493 | D:7      | Found a staircase to the Ecumenical Temple.
  5508 | Temple   | Entered the Ecumenical Temple
  5605 | Temple   | Became a worshipper of Hepliaklqana the Forgotten
  5781 | D:7      | Found an iron altar of Okawaru.
  5834 | D:7      | Reached skill level 13 in Stealth
  5837 | D:7      | Reached skill level 4 in Translocations
  5837 | D:7      | Reached skill level 1 in Invocations
  5895 | D:7      | Noticed an ogre mage
  5912 | D:7      | Killed an ogre mage
  5912 | D:7      | Reached skill level 6 in Short Blades
  5912 | D:7      | Reached skill level 2 in Invocations
  6085 | D:7      | Noticed a green ugly thing
  6085 | D:7      | Noticed a great orb of eyes
  6086 | D:7      | Noticed a manticore
  6086 | D:7      | Noticed a tengu warrior
  6086 | D:7      | Noticed a cyclops
  6494 | D:4      | HP: 1/71 [hound (6)]
  6496 | D:4      | Slain by a hound

Vault maps used:
D:1:      sevenhm_arrival_forest_fort_small_5
D:2:      lemuel_coloured_pillars_altar, uniq_natasha
D:3:      elyvilon_altar_5, uniq_ijyb
D:4:      lemuel_crystal_altar, gammafunk_temple_overflow_arena
D:5:      first_bread
D:6:      sigmund_edmund_badplayer, uniq_pikel
D:7:      lemuel_crystal_altar, minmay_temple_entry_statues_fountains,
          minmay_the_grid_octo_triangle, uniq_duvessa
Temple:   regret_index_temple_sphere_string

Skill      XL: |  1  2  3  4  5  6  7  8  9 |
---------------+----------------------------+-----
Stealth        | 6 7 8 9 10 11 12 13 | 13.7
Short Blades   | 3 4 5 6 |  6.1
Throwing       | 2 3 4 |  4.9
Translocations | 2 3 4 |  4.5
Evocations     | 1 |  1.2
Fighting       | 4 |  4.6
Invocations    | 2 |  2.3
Dodging        | |  0.7

Action                   |  1- 3 |  4- 6 |  7- 9 || total
-------------------------+-------+-------+-------++-------
Melee: Dagger            |   158 |   187 |   237 ||   582
 Abil: Spit Poison       |     8 |     1 |     2 ||    11
Evoke: Wand              |       |       |     3 ||     3
  Use: Scroll            |       |     4 |     5 ||     9
       Potion            |       |       |     2 ||     2
 Stab: Sleeping          |    13 |    14 |    24 ||    51
  Eat: Chunk             |     2 |     6 |     8 ||    16
Armor: Robe              |    45 |    67 |    80 ||   192
Dodge: Dodged            |    92 |    93 |    88 ||   273
